Map: Prion Terraces

Players

Miszu - Winner!

  • Race: Terran Terran
  • League: Master

IIIIIIIIIIII

  • Race: Terran Terran
  • League: Master

VOD

Have the link to the VOD?

Description

Time

  • Played on: March 29, 2016, 3:29 p.m.
  • Length: 3:48
Show
View Real Time Build Order
Export as new Build Order

Miszu Terran - Winner!

Build Orders:  

Get SALT Encoding   

  12  0:00  SCV  
  13  0:12  SCV  
  14  0:17  Supply Depot  
  14  0:24  SCV  
  15  0:35  Refinery  
  15  0:38  SCV  
  16  0:47  Barracks  
  16  0:50  SCV  
  17  1:03  SCV  
  18  1:05  Refinery  
  18  1:15  SCV  
  19  1:18  Supply Depot  
  19  1:27  SCV  
  20  1:35  Factory  
  20  1:44  Orbital Command  
  20  1:49  Reaper  
  21  2:10  Bunker  
  21  2:14  SCV  
  21  2:24  Reaper  
  16  2:47  Hellion  
  17  2:52  SCV  
  17  2:56  Reaper  
  19  3:04  SCV  
  20  3:08  Hellion  
  22  3:16  SCV  
  23  3:24  Starport  
  23  3:28  SCV  
Show
View Real Time Build Order
Export as new Build Order

IIIIIIIIIIII Terran 

Build Orders:  

Get SALT Encoding   

  12  0:00  SCV  
  13  0:17  Supply Depot  
  13  0:44  Barracks  
  13  0:50  Barracks  
  13  1:05  Barracks  
  13  1:31  Marine  
  13  1:32  Barracks  
  14  1:39  Marine  
  14  1:40  Supply Depot  
  15  1:49  Marine  
  15  1:52  Marine  
  17  1:57  Marine  
  18  2:06  Marine  
  19  2:10  Marine  
  20  2:17  Marine  
  20  2:24  Marine  
  20  2:25  Marine  
  18  2:32  Marine  
  18  2:35  Marine  
  18  2:42  Marine  
  18  2:43  Marine  
  19  2:50  Marine  
  20  2:53  Marine  
  21  3:00  Marine  
  22  3:07  Marine  
  22  3:08  Marine  
  22  3:11  Marine  
  25  3:22  Marine  
  25  3:25  Marine  
Tags
 
Add a new tag
Caveats
  • Supply blocks, unpowered buildings, or Contaminate may cause inaccurate times.
  • Supply counts are checked every 10 seconds.